 Dungeon Crawl Stone Soup version 0.23.2-33-g5129a83184 (webtiles) character file.

Game seed: 3845770748164063162

9034 H0rd4k the Eclecticist (level 11, -1/55 HPs)
             Began as a Deep Elf Wizard on July 2, 2019.
             Was a Priest of Sif Muna.
             Slain by a yak (15 damage)
             ... on level 11 of the Dungeon.
             The game lasted 00:49:18 (14108 turns).

H0rd4k the Eclecticist (Deep Elf Wizard)           Turns: 14108, Time: 00:49:18

Health: -1/55      AC: 10    Str:  4    XL:     11   Next: 17%
Magic:  12/32      EV: 14    Int: 31    God:    Sif Muna [***...]
Gold:   552        SH:  0    Dex: 13    Spells: 30/40 levels left

rFire    . . .     SeeInvis .   y - +2 dagger (venom)
rCold    + . .     Gourm    .   (no shield)
rNeg     . . .     Faith    .   E - +2 robe {MR+}
rPois    .         Spirit   .   p - +2 helmet
rElec    .         Reflect  .   (no cloak)
rCorr    .         Harm     .   (no gloves)
MR       ++...                  k - +2 pair of boots
Stlth    +++.......             (no amulet)
HPRegen  0.18/turn              x - ring of wizardry
MPRegen  0.23/turn              F - ring of Zuker {rC+ Int+4}

@: no status effects
A: no striking features
a: Divine Energy, Channel Magic, Renounce Religion


You were on level 11 of the Dungeon.
You worshipped Sif Muna.
Sif Muna was most pleased with you.
You were not hungry.

You visited 3 branches of the dungeon, and saw 14 of its levels.

You collected 552 gold pieces.

Inventory:

Hand Weapons
 y - a +2 dagger of venom (weapon)
Armour
 k - a +2 pair of boots (worn)
 p - a +2 helmet (worn)
 E - a +2 robe of magic resistance (worn)
Jewellery
 e - an uncursed ring of protection from fire
 x - a ring of wizardry (left hand)
 B - an uncursed ring of positive energy
 F - the ring of Zuker (right hand) {rC+ Int+4}
   (You took it off a wight on level 8 of the Dungeon)

   [ring of protection from cold]

   It affects your intelligence (+4).
   It protects you from cold.
 H - an uncursed ring of protection from magic
 J - a +4 ring of intelligence
Wands
 b - a wand of digging (15)
 r - a wand of paralysis (4)
 t - a wand of enslavement (7)
 A - a wand of random effects (33)
Scrolls
 f - 6 scrolls of remove curse
 g - a scroll of enchant armour
 h - 3 scrolls of identify
 i - a scroll of holy word
 n - 3 scrolls of teleportation
 q - 2 scrolls of noise
 v - a scroll of enchant weapon {unknown}
 G - a scroll of brand weapon
Potions
 a - 3 potions of cancellation {unknown}
 c - 4 potions of agility
 j - 3 potions of brilliance
 l - 3 potions of heal wounds
 m - a potion of mutation
 o - 5 potions of curing
 s - 2 potions of haste
 u - 2 potions of degeneration
 w - a potion of might
 z - 2 potions of ambrosia
 C - 3 potions of flight
 D - 3 potions of lignification
Comestibles
 d - 15 rations


   Skills:
 + Level 0.3 Fighting
 + Level 4.7 Dodging
 + Level 4.9 Stealth
 + Level 15.0 Spellcasting
 + Level 11.7 Conjurations
 * Level 1.7 Summonings
 + Level 2.3 Translocations
 - Level 2.0 Fire Magic
 * Level 1.0 Air Magic
 + Level 4.1 Evocations


You had 30 spell levels left.
You knew the following spells:

 Your Spells              Type           Power        Failure   Level  Hunger
a - Magic Dart            Conj           ####         0%          1    None
b - Blink                 Tloc           N/A          1%          2    None
c - Conjure Flame         Conj/Fire      ######..     1%          3    None
d - Summon Lightning Spi  Summ/Air       ####....     4%          4    None

Your spell library contained the following spells:

 Spells                   Type           Power        Failure   Level  Hunger
 Summon Small Mammal      Summ           ####         1%          1    None
 Call Imp                 Summ           ####....     1%          2    None
 Slow                     Hex            ###.....     1%          2    None
 Call Canine Familiar     Summ           ####....     1%          3    None
 Mephitic Cloud           Conj/Pois/Air  #####...     1%          3    None
 Summon Guardian Golem    Hex/Summ       ####....     1%          3    None
 Summon Ice Beast         Ice/Summ       ####....     6%          4    None


Dungeon Overview and Level Annotations

Branches:
Dungeon (12/15)            Temple (1/1) D:7            Lair (1/6) D:8
    Orc: D:9-12

Altars:
Ashenzari
Cheibriados
Dithmenos
Elyvilon
Fedhas
Gozag
Hepliaklqana
Kikubaaqudgha
Makhleb
Nemelex Xobeh
Okawaru
Qazlal
Ru
Sif Muna
Trog
Uskayaw
Vehumet
Wu Jian
Xom
Yredelemnul
Zin
The Shining One

Annotations:
D:10 Nergalle
D:11 exclusion: gargoyle
Lair:1 Fannar


Message History

The yak is engulfed in blazing flames.
The yak is engulfed in blazing flames.
You feel sick. The yak gores you.
* * * LOW HITPOINT WARNING * * *
Casting: Magic Dart (safe; 0% risk of failure)
Confirm with . or Enter, or press ? or * to list all spells.
You blink.
You feel sick.
Casting: Blink (safe; 1% risk of failure)
Confirm with . or Enter, or press ? or * to list all spells.
Aiming: Conjure Flame (safe; 1% risk of failure)
Press: ? - help, Dir - move target cursor, p - yak The fire ignites!
You feel sick.
The yak is engulfed in blazing flames.
The yak closely misses you.
The yak is engulfed in blazing flames.
You feel sick.
You are no longer poisoned.
The yak gores you!
You die...

##........Y.# #....#...
##....###...###....#...
##.....................
.(............J........
#####'#########.....##
#.....# #Y....# #.>...#
#Y###.# #.....# #.Y...#
#.....# #.@...# #.....#
#.....'... #.....#
###'###... #.....# ..
.. #...<.# ..# #.....#
..# +.....# ###
#.....###########
#.....##........#


You could see 3 yaks and a jelly.

Vanquished Creatures
  A hydra (D:11)
  Erica (D:8)
  Pikel (D:6)
  A hornet (D:11)
  2 hippogriffs
  A wraith (D:10)
  2 yaks (D:11)
  A wyvern (Lair:1)
  Eustachio (D:6)
  Duvessa (D:7)
  A porcupine (Lair:1)
  4 sky beasts
  3 orc warriors
  A hornet zombie (D:9)
  7 ogres
  3 phantoms
  3 slaves (D:6)
  5 ice beasts
  7 centaurs
  2 crocodiles
  A big kobold (D:9)
  2 bullfrogs
  A gnoll sergeant (D:7)
  Dowan (D:7)
  4 scorpions
  A wyvern skeleton (D:10)
  5 killer bees (D:7)
  3 wights (D:10)
  2 howler monkeys
  6 crimson imps
  6 hounds
  A jelly (D:5)
  A centaur skeleton (D:5)
  2 bullfrog zombies
  A gnoll shaman (D:9)
  4 orc priests
  9 orc wizards
  A bullfrog skeleton (D:8)
  Ijyb (D:3)
  Natasha (thrice) (D:4)
  8 worker ants
  2 killer bee zombies
  A hound zombie (D:8)
  A worker ant zombie (D:6)
  A howler monkey zombie (D:5)
  11 gnolls
  14 adders
  A howler monkey skeleton (D:8)
  3 shadow imps
  2 adder skeletons (D:6)
  2 worms
  A dart slug (D:3)
  8 leopard geckos
  29 orcs
  A ball python (D:6)
  8 bats
  6 giant cockroaches
  9 hobgoblins
  8 jackals
  16 kobolds
  6 quokkas
  4 frilled lizards
  10 goblins
  8 rats
263 creatures vanquished.

Vanquished Creatures (collateral kills)
  Sigmund (D:3)
  A steam dragon (D:9)
  Blork the orc (D:5)
  3 wights (D:8)
  A quasit (D:3)
  A centaur skeleton (D:11)
  An iguana (D:3)
  An orc wizard (D:9)
  2 orcs
12 creatures vanquished.

Vanquished Creatures (others)
  An orc warrior (D:8)
  A hound (D:9)
  2 bushes (D:7)
4 creatures vanquished.

Grand Total: 279 creatures vanquished

Notes
Turn   | Place    | Note
-------+----------+-------------------------------------------
     0 | D:1      | H0rd4k the Deep Elf Wizard began the quest for the Orb.
     0 | D:1      | Reached XP level 1. HP: 10/10 MP: 7/7
   122 | D:1      | You fall through a shaft!
   130 | D:2      | Reached skill level 5 in Spellcasting
   210 | D:2      | Reached XP level 2. HP: 15/15 MP: 7/10
   380 | D:1      | Learned a level 2 spell: Blink
   817 | D:1      | Reached XP level 3. HP: 17/19 MP: 3/12
   822 | D:1      | Learned a level 3 spell: Conjure Flame
  1650 | D:2      | Reached skill level 1 in Fire Magic
  1658 | D:2      | Reached XP level 4. HP: 21/24 MP: 0/13
  1735 | D:3      | Noticed Sigmund
  1748 | D:2      | Reached skill level 6 in Spellcasting
  2741 | D:2      | Reached XP level 5. HP: 19/28 MP: 1/16
  3056 | D:4      | Noticed Natasha
  3148 | D:4      | Killed Natasha
  3213 | D:4      | Noticed Natasha
  3223 | D:4      | Killed Natasha
  3223 | D:4      | Reached skill level 7 in Spellcasting
  3349 | D:4      | Noticed an ogre
  3360 | D:4      | Killed an ogre
  3360 | D:4      | Reached XP level 6. HP: 32/32 MP: 4/18
  3456 | D:4      | Noticed Natasha
  3459 | D:4      | Killed Natasha
  3643 | D:4      | Reached skill level 8 in Spellcasting
  3996 | D:3      | Noticed Ijyb
  4009 | D:3      | Killed Ijyb
  4090 | D:3      | Reached XP level 7. HP: 36/36 MP: 16/21
  4313 | D:5      | Entered Level 5 of the Dungeon
  4355 | D:5      | Reached skill level 9 in Spellcasting
  4443 | D:5      | Reached skill level 5 in Conjurations
  4638 | D:5      | Found a blossoming altar of Fedhas.
  4715 | D:5      | Reached skill level 1 in Evocations
  4784 | D:5      | Reached XP level 8. HP: 41/41 MP: 2/23
  5010 | D:5      | Reached skill level 10 in Spellcasting
  5258 | D:5      | Noticed Blork the orc
  5488 | D:6      | Noticed Pikel
  5513 | D:6      | Killed Pikel
  5513 | D:6      | Reached skill level 11 in Spellcasting
  5585 | D:6      | Noticed Eustachio
  5688 | D:6      | Killed Eustachio
  5688 | D:6      | Reached XP level 9. HP: 45/45 MP: 16/26
  6646 | D:7      | Noticed Dowan
  6647 | D:7      | Noticed Duvessa
  6652 | D:6      | Reached skill level 12 in Spellcasting
  7642 | D:7      | Killed Duvessa
  7656 | D:7      | Killed Dowan
  8088 | D:7      | Found a staircase to the Ecumenical Temple.
  8094 | Temple   | Entered the Ecumenical Temple
  8195 | Temple   | Became a worshipper of Sif Muna the Loreminder
  8302 | D:8      | Noticed Erica
  8513 | D:8      | Identified the ring of Zuker {rC+ Int+4}
  8568 | D:8      | Killed Erica
  8568 | D:8      | Reached skill level 13 in Spellcasting
  8568 | D:8      | Reached skill level 10 in Conjurations
  8568 | D:8      | Reached XP level 10. HP: 45/50 MP: 20/29
  8779 | D:8      | Found a staircase to the Lair.
  9009 | D:8      | Reached * piety under Sif Muna
 10826 | D:9      | Reached skill level 14 in Spellcasting
 11256 | D:10     | Entered Level 10 of the Dungeon
 11596 | D:10     | Reached ** piety under Sif Muna
 11876 | D:10     | Noticed Nergalle
 12020 | D:10     | Noticed a wizard
 12206 | D:10     | Got a fine battleaxe
 12240 | D:10     | Identified the cursed +0 battleaxe "Dabuf" {chop, rPois rF-
                  | rN+} (You found it on level 10 of the Dungeon)
 12461 | D:10     | HP: 2/50 [wizard/orb of energy (15)]
 12462 | D:11     | Noticed a manticore
 12743 | D:11     | Noticed a six-headed hydra
 12755 | D:11     | Killed a six-headed hydra
 12755 | D:11     | Reached XP level 11. HP: 25/55 MP: 16/31
 12831 | D:11     | Noticed a red ugly thing
 13071 | Lair:1   | Entered Level 1 of the Lair of Beasts
 13193 | Lair:1   | Noticed Fannar
 13377 | D:3      | Learned a level 4 spell: Summon Lightning Spire
 13405 | D:3      | Killed Sigmund
 13646 | D:5      | Killed Blork the orc
 13811 | D:9      | Reached *** piety under Sif Muna
 13823 | D:9      | You fall through a shaft for 3 floors!
 14082 | D:11     | Reached skill level 15 in Spellcasting
 14086 | D:11     | Reached skill level 1 in Air Magic
 14108 | D:11     | Slain by a yak

Skill      XL: |  1  2  3  4  5  6  7  8  9 10 11 |
---------------+----------------------------------+-----
Spellcasting   | 5 6 7 8 9 11 13 14 15 | 15.0
Fire Magic     | 1 2 |  2.0
Stealth        | 3 4 |  4.9
Conjurations   | 2 3 4 5 7 10 11 | 11.7
Evocations     | 1 2 3 4 |  4.1
Dodging        | 3 4 |  4.7
Translocations | 2 |  2.3
Air Magic      | 1 |  1.0
Fighting       | |  0.3
Summonings     | |  1.7

Action                   |  1- 3 |  4- 6 |  7- 9 | 10-12 || total
-------------------------+-------+-------+-------+-------++-------
Melee: Dagger            |       |       |     2 |     1 ||     3
 Cast: Magic Dart        |   126 |   173 |   323 |   491 ||  1113
       Conjure Flame     |     1 |     5 |    34 |    42 ||    82
       Blink             |       |       |     4 |     6 ||    10
       Summon Lightning  |       |       |       |     6 ||     6
Evoke: Wand              |       |     2 |    37 |    11 ||    50
  Use: Scroll            |       |       |       |    21 ||    21
  Eat: Chunk             |     2 |     7 |     9 |    10 ||    28
       Ration            |       |       |     2 |     2 ||     4
Armor: Robe              |     4 |    11 |    12 |    40 ||    67
Dodge: Dodged            |    33 |    36 |    21 |    83 ||   173
